 Dungeon Crawl Stone Soup version 0.23-a0-182-g58cdd98 (webtiles) character file.

1795 Felrender the Slasher (level 8, -2/73 HPs)
             Began as a Minotaur Monk on Sept 21, 2018.
             Was an Elder of Wu Jian.
             Slain by a cyclops (19 damage)
             ... on level 7 of the Dungeon.
             The game lasted 00:23:10 (7213 turns).

Felrender the Slasher (Minotaur Monk)               Turns: 7213, Time: 00:23:10

Health: -2/73      AC: 11    Str: 16    XL:     8   Next: 83%
Magic:  16/16      EV: 13    Int:  9    God:    Wu Jian [****..]
Gold:   152        SH:  0    Dex: 15    Spells: 7/7 levels left

rFire    . . .     SeeInvis +   K - +2 hand axe (chop)
rCold    . . .     Gourm    +   (no shield)
rNeg     + . .     Faith    .   y - +4 ring mail of Defence {MP+9 Int+2}
rPois    .         Spirit   .   (helmet restricted)
rElec    .         Reflect  .   s - +0 cloak
rCorr    .         Harm     .   (no gloves)
MR       .....                  (no boots)
Stlth    +.........             r - amulet of the gourmand
HPRegen  0.22/turn              d - ring of positive energy
MPRegen  0.15/turn              h - ring of see invisible

@: no status effects
A: retaliatory headbutt, horns 2
a: Wall Jump, Serpent's Lash, Renounce Religion


You were on level 7 of the Dungeon.
You worshipped Wu Jian.
Wu Jian was greatly pleased with you.
You were full.

You visited 1 branch of the dungeon, and saw 7 of its levels.
You also visited: Sewer.

You collected 452 gold pieces.
You spent 300 gold pieces at shops.

Inventory:

Hand Weapons
 a - a +0 falchion
 K - a +2 hand axe of chopping (weapon)
Armour
 k - a +3 chain mail
 s - a +0 cloak (worn)
 x - a +0 plate armour
 y - the +4 ring mail of Defence (worn) {MP+9 Int+2}
   (You found it on level 5 of the Dungeon)

   It affects your intelligence (+2).
   It affects your magic capacity (+9).
 B - a +1 hat
Magical Staves
 I - an uncursed staff of summoning {unknown}
Jewellery
 d - a ring of positive energy (left hand)
 h - a ring of see invisible (right hand)
 q - an uncursed ring of ice
 r - an amulet of the gourmand (around neck)
Wands
 b - a wand of scattershot (6)
 n - a wand of flame (52)
 A - a wand of iceblast (18)
 G - a wand of enslavement (16)
 H - a wand of digging (11)
 M - a wand of polymorph (8)
Scrolls
 g - 5 scrolls of magic mapping
 j - 2 scrolls of fear {unknown}
 l - 3 scrolls of remove curse {unknown}
 p - 4 scrolls of amnesia
 v - a scroll of teleportation
 w - 2 scrolls of blinking {unknown}
 C - 3 scrolls of identify
 D - a scroll of enchant armour {unknown}
 E - 2 scrolls of noise {unknown}
 F - a scroll of random uselessness {unknown}
 L - a scroll of enchant weapon {unknown}
Potions
 e - 2 potions of lignification
 f - a potion of heal wounds {unknown}
 i - 2 potions of brilliance
 m - 2 potions of agility {unknown}
 o - a potion of haste {unknown}
 t - a potion of degeneration {unknown}
 u - 2 potions of mutation {unknown}
 z - a potion of magic {unknown}
 J - 2 potions of berserk rage {unknown}
 N - a potion of invisibility
Comestibles
 c - 13 rations


   Skills:
 + Level 7.2 Fighting
 - Level 7.9 Long Blades
 + Level 1.3 Axes
 + Level 7.1 Armour
 - Level 3.9 Dodging
 - Level 2.0 Stealth
 - Level 5.1 Unarmed Combat


You had 7 spell levels left.
You didn't know any spells.
Your spell library contained the following spells:

 Spells                   Type           Power        Failure   Level  Hunger
 Confusing Touch          Hex            #.....       56%         1    ##.....
 Shock                    Conj/Air       #...         56%         1    ##.....
 Swiftness                Chrm/Air       #.......     71%         2    ###....
 Confuse                  Hex            #.......     91%         3    ####...
 Gell's Gravitas          Tloc           #.........   91%         3    ####...
 Static Discharge         Conj/Air       #.......     91%         3    ####...
 Airstrike                Air            #.........   100%        4    #####..
 Petrify                  Tmut/Erth      #.......     100%        4    #####..
 Lightning Bolt           Conj/Air       #.........   100%        5    ######.
 Metabolic Englaciation   Hex/Ice        #.........   100%        5    ######.
 Yara's Violent Unravell  Hex/Tmut       #.........   100%        5    ######.


Dungeon Overview and Level Annotations

Branches:
Dungeon (7/15)             Temple (0/1) D:5

Altars:
Cheibriados
Dithmenos
Fedhas
Gozag
Okawaru
Qazlal
Ru
Trog
Vehumet
Wu Jian

Shops:
D:6 %

Annotations:
D:5 1 transporter


Innate Abilities, Weirdness & Mutations

You reflexively headbutt those who attack you in melee.
You have a pair of horns on your head.


Message History

The cyclops is moderately wounded.
You slash the cyclops!
The cyclops is heavily wounded.
The cyclops hits you!!
You slash the cyclops!
You headbutt the cyclops, but do no damage.
The cyclops is severely wounded.
The cyclops barely misses you. You furiously retaliate!
You headbutt the cyclops, but do no damage.
You hit the cyclops but do no damage.
The cyclops is severely wounded.
The cyclops closely misses you.
You barely miss the cyclops. You headbutt the cyclops!
The cyclops is almost dead.
The cyclops hits you!!
* * * LOW HITPOINT WARNING * * *
You completely miss the cyclops. You headbutt the cyclops.
The cyclops is almost dead.
The cyclops hits you!!
You die...

#.# #.# #.# .. #.#
.(. #.# #.# #.# #.#
###.# #.# ##.#.###
##.#
###@.(.(.########...
+..C....(............
####......########...
#..###.# #... #.##
#.# ###..# #.# #.#
#....# #.. ..# #>#.##
#.. #.# #.#.## #.#
#.#.##


You could see a cyclops.

Vanquished Creatures
  Eustachio (D:6)
  A hungry ghost (D:7)
  Duvessa (D:7)
  A sky beast (D:7)
  2 ogres
  A phantom (D:7)
  Blork the orc (D:5)
  A bullfrog (D:7)
  2 scorpions
  Dowan (D:7)
  A howler monkey (D:3)
  A centaur zombie (D:5)
  3 hounds
  An orc priest (D:6)
  2 orc wizards (D:4)
  2 bullfrog skeletons
  An iguana (D:5)
  2 worker ants
  2 hound skeletons (D:4)
  9 gnolls
  15 adders
  9 oozes (Sewer)
  An adder zombie (D:5)
  3 worms
  4 dart slugs
  16 leopard geckos
  9 orcs
  10 ball pythons
  7 bats
  16 giant cockroaches
  4 goblins
  11 hobgoblins
  5 jackals (D:2)
  3 quokkas
  17 frilled lizards
  6 kobolds
  A leopard gecko skeleton (D:5)
  6 rats
179 creatures vanquished.

Notes
Turn   | Place    | Note
-------+----------+-------------------------------------------
     0 | D:1      | Felrender the Minotaur Monk began the quest for the Orb.
     0 | D:1      | Reached XP level 1. HP: 19/19 MP: 0/0
    23 | D:1      | Reached XP level 2. HP: 16/27 MP: 1/1
   372 | D:1      | Reached XP level 3. HP: 33/33 MP: 2/2
   990 | D:2      | Found a blossoming altar of Fedhas.
  1051 | D:2      | Reached XP level 4. HP: 41/41 MP: 3/3
  1206 | D:2      | Reached skill level 1 in Unarmed Combat
  1631 | D:2      | Reached XP level 5. HP: 44/47 MP: 4/4
  2301 | D:3      | Reached skill level 5 in Unarmed Combat
  2301 | D:3      | Reached XP level 6. HP: 49/53 MP: 5/5
  2533 | D:3      | Found an ornate altar of the Wu Jian Council.
  2539 | D:3      | Became a worshipper of the Wu Jian Council
  2539 | D:3      | Reached * piety under Wu Jian
  2539 | D:3      | Reached ** piety under Wu Jian
  3064 | D:4      | Reached skill level 1 in Armour
  3068 | D:4      | Reached skill level 5 in Long Blades
  3355 | D:4      | Reached skill level 5 in Fighting
  3355 | D:4      | Reached XP level 7. HP: 34/61 MP: 6/6
  3457 | D:4      | Found a glowing drain.
  3490 | Sewer    | Entered a sewer
  3668 | Sewer    | Reached *** piety under Wu Jian
  4298 | D:5      | Entered Level 5 of the Dungeon
  4374 | D:5      | Noticed Blork the orc
  4394 | D:5      | HP: 2/61 [Blork the orc/vampiric battleaxe (9)]
  4395 | D:5      | Killed Blork the orc
  4748 | D:5      | Got an ancient ring mail
  4866 | D:5      | Found a shadowy altar of Dithmenos.
  4866 | D:5      | Found an iron altar of Okawaru.
  4866 | D:5      | Found a snail-covered altar of Cheibriados.
  4866 | D:5      | Found an opulent altar of Gozag.
  4866 | D:5      | Found a sacrificial altar of Ru.
  4867 | D:5      | Found a radiant altar of Vehumet.
  4872 | D:5      | Found a bloodstained altar of Trog.
  5134 | D:5      | Identified the +4 ring mail of Defence {MP+9 Int+2} (You
                  | found it on level 5 of the Dungeon)
  5148 | D:5      | Found a transporter.
  5156 | D:5      | Found a transporter.
  5362 | D:5      | Found a staircase to the Ecumenical Temple.
  5920 | D:6      | Noticed Eustachio
  5936 | D:6      | Killed Eustachio
  5936 | D:6      | Reached **** piety under Wu Jian
  5936 | D:6      | Reached XP level 8. HP: 66/70 MP: 7/7
  6078 | D:6      | Found Qatwep's Food Shop.
  6084 | D:6      | Bought a ration for 60 gold pieces
  6084 | D:6      | Bought a ration for 60 gold pieces
  6084 | D:6      | Bought a ration for 60 gold pieces
  6084 | D:6      | Bought a ration for 60 gold pieces
  6084 | D:6      | Bought a ration for 60 gold pieces
  6344 | D:6      | Found a stormy altar of Qazlal.
  6783 | D:7      | Reached skill level 5 in Armour
  6834 | D:7      | Noticed Dowan
  6837 | D:7      | Noticed Duvessa
  6846 | D:7      | Killed Dowan
  6854 | D:7      | Killed Duvessa
  6854 | D:7      | Reached skill level 1 in Axes
  7197 | D:7      | Noticed a cyclops
  7213 | D:7      | Slain by a cyclops

Vault maps used:
D:1:      lightli_arrival_statue_moat, hangedman_decor_clover_reticule
D:2:      overflow_temple_1_default, first_ration, hangedman_decor_growths,
          serial_park_tiny_1
D:3:      lemuel_round_altar, minmay_ruptured
D:4:      portal_sewer_entry_e, kennysheep_generic_room_3
D:5:      gammafunk_steamed_eel, grunt_temple_overflow_open,
          minmay_temple_entry_grid, hangedman_decor_opposing, uniq_blork_the_orc
D:6:      lemuel_coloured_pillars_altar, serial_shops, nicolae_shop_statue_plus,
          uniq_eustachio
D:7:      good_gods_mini_temple, uniq_duvessa
Sewer:    sewer_frog_island_02

Skill      XL: |  1  2  3  4  5  6  7  8 |
---------------+-------------------------+-----
Fighting       | 4 5 7 |  7.2
Long Blades    | 4 6 7 |  7.9
Stealth        | 2 |  2.0
Unarmed Combat | 2 5 |  5.1
Armour         | 1 4 7 |  7.1
Axes           | 1 |  1.3
Dodging        | |  3.9

Action                   |  1- 3 |  4- 6 |  7- 9 || total
-------------------------+-------+-------+-------++-------
Melee: Falchion          |    52 |   152 |   230 ||   434
       Headbutt          |    13 |    52 |    59 ||   124
       Unarmed           |       |    96 |    16 ||   112
       Punch             |       |     4 |     4 ||     8
       Hand axe          |       |       |    56 ||    56
Invok: Wall Jump         |       |     3 |    12 ||    15
       Lunge             |       |     2 |    23 ||    25
       Whirlwind         |       |     2 |    14 ||    16
       Serpent's Lash    |       |       |     2 ||     2
  Use: Scroll            |     2 |     3 |     5 ||    10
       Potion            |       |       |     1 ||     1
 Stab: Sleeping          |     3 |       |     1 ||     4
       Confused          |       |       |     3 ||     3
  Eat: Chunk             |       |     3 |    21 ||    24
       Ration            |       |     2 |     2 ||     4
Armor: Robe              |     7 |       |       ||     7
       Chain mail        |       |   150 |   116 ||   266
       Ring mail         |       |       |    28 ||    28
Dodge: Dodged            |    30 |    91 |   132 ||   253
       Rpst.: Falchion   |     7 |    15 |    30 ||    52

Table legend:
 A = Non-vault XP
 B = Vault XP
 C = Vault XP percentage of total XP
 D = Non-vault monster count
 E = Vault monster count
 F = Vault count percentage of total count
                 A         B        C        D         E       F
            +---------+---------+-------+---------+---------+-------
      Total |    1784 |     781 |  30.4 |     117 |      62 |  34.6
            +---------+---------+-------+---------+---------+-------
        D:1 |      58 |       0 |   0.0 |      22 |       0 |   0.0
        D:2 |     234 |       0 |   0.0 |      37 |       0 |   0.0
        D:3 |     158 |      26 |  14.1 |      18 |       5 |  21.7
        D:4 |     273 |     109 |  28.5 |      13 |       2 |  13.3
        D:5 |     250 |      91 |  26.7 |      10 |       1 |   9.1
        D:6 |     159 |     196 |  55.2 |      10 |       1 |   9.1
        D:7 |     652 |     208 |  24.2 |       7 |       2 |  22.2
      Sewer |       0 |     151 | 100.0 |       0 |      51 | 100.0
            +---------+---------+-------+---------+---------+-------
